 Dungeon Crawl Stone Soup version 0.27-a0-1384-g1422d76b99 (webtiles) character file.

Game seed: 11463102826408573541

29 dickylongcocking the Skirmisher (level 3, 33/33 HPs)
             Began as a Djinni Wanderer on July 1, 2021.
             Was a Follower of the Shining One.
             Quit the game on level 2 of the Dungeon.
             The game lasted 00:01:16 (2376 turns).

dickylongcocking the Skirmisher (Djinni Wanderer)   Turns: 2376, Time: 00:01:17

Health: 33/33      AC:  2    Str: 11    XL:     3   Next: 32%
Gold:   109        EV: 11    Int: 16    God:    the Shining One [*.....] SH:  0 Dex: 10

rFire    + + .     SeeInvis .   a - +0 club
rCold    x . .     Faith    .   (no shield)
rNeg     . . .     Spirit   .   b - +0 robe
rPois    ∞         Reflect  .   (no helmet)
rElec    .         Harm     .   (no cloak)
rCorr    .         Rampage  .   (no gloves)
Will     .....                  (boots unavailable)
Stlth    +.........             (no amulet)
HPRegen  0.11/turn              (no ring)
MPRegen  0.00/turn              (no ring)

@: flying, glowing
A: sickness immunity, fire resistance 2, cold vulnerability 1, float, innate
caster, hp casting, extra vitality 1
a: Renounce Religion


You were on level 2 of the Dungeon.
You worshipped the Shining One.
The Shining One was aware of your devotion.
You visited 1 branch of the dungeon, and saw 2 of its levels.

You collected 109 gold pieces.

Inventory:

Hand Weapons
 a - a +0 club (weapon)
Armour
 b - a +0 robe (worn)
 c - a +0 kite shield
Potions
 d - a potion of magic {unknown}
 e - a potion of curing {unknown}
 f - a potion of attraction {unknown}
 g - a potion of flight {unknown}
 h - a potion of degeneration {unknown}


   Skills:
 * Level 5.2 Fighting
 - Level 1.5 Axes
 - Level 1.0 Armour
 * Level 1.8 Shields
 * Level 1.0 Spellcasting
 - Level 1.0 Evocations


You couldn't memorise any spells.
You knew the following spells:

 Your Spells              Type           Power      Damage    Failure   Level
a - Foxfire               Conj/Fire      16%        2x1d4     16%         1
b - Mephitic Cloud        Conj/Pois/Air  4%         N/A       41%         3
c - Wereblood             Tmut           4%         N/A       22%         2
d - Passwall              Tmut/Erth      3%         N/A       22%         2
e - Apportation           Tloc           8%         N/A       16%         1

Your spell library contained the following spells:

 Spells                   Type           Power      Damage    Failure   Level


Dungeon Overview and Level Annotations

Branches:
Dungeon (2/15)

Altars:
The Shining One


Innate Abilities, Weirdness & Mutations

You are immune to sickness and miasma.
You are immune to poison.
Your flesh is very heat resistant. (rF++)
You are vulnerable to cold. (rC-)
You float through the air rather than walking.
You learn spells naturally, not from books.
Your magical power is your life essence.
You have superior vitality. (+4 HP)


Message History

No target in view!
There is a stone staircase leading up here.
You see here a +0 mace.
You now have 109 gold pieces (gained 13).
A ball python comes into view.
The ball python hisses angrily.
A ball python is nearby!
A ball python is nearby!
You hit the ball python.
The ball python is moderately wounded.
The ball python bites you. The ball python barely misses you. x2
The ball python grabs you. The ball python constricts you.
A ball python is nearby!
You closely miss the ball python.
The ball python is moderately wounded.
The ball python bites you. The ball python constricts you.
A ball python is nearby!
You hit the ball python.
You kill the ball python!
No target in view!
Found an emerald potion.
You see here a ball python corpse.
No target in view!
No target in view!
h - an emerald potion No target in view!
Key pressed, stopping explore.
No target in view!
You reach down and open the door.
A goblin comes into view. It is wielding a +0 dagger.
The goblin shouts!
There is an open door here.
Are you sure you want to abandon this character and quit the game? (Confirm with "yes".)
Okay, then.
Unknown command.
Unknown command.
Autopickup is now off.
Unknown command.
Unknown command.
Are you sure you want to abandon this character and quit the game? (Confirm with "yes".)

.# .### #+######
###+#......#......#
#...... ........#.#
#...g# ########<#.#
#....# .........#..
#.@..# ########.###
###'## ##.....# #
#.# #......# #
#.######......# #
#...........#.###
##.......####....
#.#############.
#...............
###############.


You could see a goblin.

Vanquished Creatures
  A dart slug (D:1)
  2 ball pythons
  2 endoplasms (D:1)
  2 giant cockroaches (D:2)
  A goblin (D:1)
  4 hobgoblins
  A quokka (D:2)
  10 frilled lizards
  4 kobolds
  A rat (D:2)
28 creatures vanquished.

Vanquished Creatures (others)
  23 foxfires (D:1)
23 creatures vanquished.

Grand Total: 51 creatures vanquished

Notes
Turn   | Place    | Note
-------+----------+-------------------------------------------
     0 | D:1      | dickylongcocking the Djinni Wanderer began the quest for
                  | the Orb.
     0 | D:1      | Reached XP level 1. HP: 22/22 MP: 0/0
   573 | D:1      | Reached XP level 2. HP: 23/28 MP: 0/0
  1327 | D:1      | Found a faded altar of an unknown god.
  1530 | D:1      | Reached XP level 3. HP: 3/33 MP: 0/0
  1530 | D:1      | Learned a level 1 spell: Apportation
  1560 | D:1      | Became a worshipper of the Shining One
  1560 | D:1      | Reached * piety under the Shining One
  2244 | D:2      | Reached skill level 1 in Spellcasting
  2376 | D:2      | Quit the game

Illustrated notes

Levels and vault maps discovered:
D:1:      dpeg_arrival_yet_another_circle, layout_rooms,
          shapermc_ecumenical_altar_starsandcircs, serial_forest,
          infiniplex_forest_end_2, infiniplex_forest_lined_room_2,
          infiniplex_forest_lined_room_2, infiniplex_forest_lined_1,
          infiniplex_forest_clump_small, minmay_lizard_pond
D:2:      layout_basic, uniq_natasha

Skill      XL: |  1  2  3 |
---------------+----------+-----
Spellcasting   | 1 |  1.0
Fighting       | |  5.2
Axes           | |  1.5
Armour         | |  1.0
Shields        | |  1.8
Evocations     | |  1.0

Action                   || total
-------------------------++-------
Melee: Club              ||   100
 Cast: Foxfire           ||    14
 Stab: Sleeping          ||     2
Armor: Robe              ||    25
Dodge: Dodged            ||    69
Block: Kite shield       ||     8

Table legend: (Time is in decaauts)
 A = Elapsed time spent in this place.
 B = Non-inter-level travel time spent in this place.
 C = Inter-level travel time spent in this place.
 D = Time resting spent in this place.
 E = Time spent auto-exploring this place.
 F = Levels seen in this place.
 G = Mean time per level.
                   A        B        C        D        E       F      G
               +--------+--------+--------+--------+--------+-----+--------+
         Total |   2404 |   2317 |     87 |      0 |   2076 |   2 | 1202.0 |
       Dungeon |   2404 |   2317 |     87 |      0 |   2076 |   2 | 1202.0 |
               +--------+--------+--------+--------+--------+-----+--------+

Top non-repeatable levels by time:
     D:1: 2032 daAuts
     D:2: 372 daAuts
